 Dungeon Crawl Stone Soup version 0.27-a0-1200-g94dc6ad4cf (webtiles) character file.

Game seed: 3390229281070216241

250 bilbop the Skirmisher (level 5, -5/50 HPs)
             Began as a Minotaur Fighter on May 31, 2021.
             Slain by a gnoll shaman
             ... wielding a +0 whip
              (9 damage)
             ... in the Ecumenical Temple on June 1, 2021.
             The game lasted 00:13:21 (3090 turns).

bilbop the Skirmisher (Minotaur Fighter)            Turns: 3090, Time: 00:13:21

Health: -5/50      AC: 13    Str: 21    XL:     5   Next: 88%
Magic:  4/4        EV:  5    Int:  5    God:
Gold:   110        SH: 14    Dex: 10    Spells: 4/4 levels left

rFire    . . .     SeeInvis .   a - +0 flail
rCold    + . .     Faith    .   c - +0 kite shield
rNeg     . . .     Spirit   .   t - +3 chain mail {rC+}
rPois    .         Reflect  +   (helmet restricted)
rElec    .         Harm     .   (no cloak)
rCorr    .         Rampage  .   l - +0 pair of gloves
Will     .....                  (no boots)
Stlth    ..........             u - amulet of reflection
HPRegen  0.16/turn              (no ring)
MPRegen  0.09/turn              (no ring)

@: no status effects
A: horns 2, retaliatory headbutt
a: no special abilities


You were in the Ecumenical Temple.
You visited 2 branches of the dungeon, and saw 5 of its levels.

You collected 110 gold pieces.

Inventory:

Hand Weapons
 a - a +0 flail (weapon)
Missiles
 j - 7 silver javelins (quivered)
 s - 17 sling bullets
Armour
 b - a +0 scale mail
 c - a +0 kite shield (worn)
 e - +0 fire dragon scales
 l - a +0 pair of gloves (worn)
 t - a +3 chain mail of cold resistance (worn)
Jewellery
 i - an amulet of faith
 q - an amulet of reflection
 u - an amulet of reflection (around neck)
Wands
 n - a wand of digging (1)
Scrolls
 g - 4 scrolls of identify {unknown}
 h - a scroll of amnesia {unknown}
 k - 2 scrolls of teleportation {unknown}
 o - a scroll of enchant armour {unknown}
Potions
 d - a potion of might
 f - a potion of heal wounds {unknown}
 m - a potion of haste
 p - a potion of attraction {unknown}
 r - 2 potions of magic {unknown}


   Skills:
 * Level 5.8 Fighting
 + Level 3.9 Maces & Flails
 + Level 4.8 Armour
 + Level 4.7 Shields


You had 4 spell levels left.
You didn't know any spells.
Your spell library contained the following spells:

 Spells                   Type           Power      Damage    Failure   Level
 Corona                   Hex            0%         N/A       100%        1
 Slow                     Hex            0%         N/A       100%        2
 Inner Flame              Hex/Fire       0%         N/A       100%        3
 Portal Projectile        Hex/Tloc       0%         N/A       100%        3
 Cause Fear               Hex            0%         N/A       100%        4
 Leda's Liquefaction      Hex/Erth       0%         N/A       100%        4


Dungeon Overview and Level Annotations

Branches:
Dungeon (4/15)             Temple (1/1) D:4

Altars:
Cheibriados
Wu Jian


Innate Abilities, Weirdness & Mutations

You have a pair of horns on your head.
You reflexively headbutt those who attack you in melee.


Message History

The gnoll shaman hits you but does no damage.
The killer bee stings you.
You hit the gnoll.
The gnoll is severely wounded.
You block the killer bee's attack. The gnoll hits you with a +0 club.
You block the killer bee's attack.
The gnoll shaman hits you but does no damage.
The killer bee stings you.
* * * LOW HITPOINT WARNING * * *
The gnoll hits you but does no damage. The gnoll shaman barely misses you.
You sock the gnoll!
You kill the gnoll!
The killer bee stings you.
* * * LOW HITPOINT WARNING * * *
You block the killer bee's attack.
The gnoll shaman hits you but does no damage.
The killer bee completely misses you.
You miss the killer bee.
The killer bee is heavily wounded.
The killer bee stings you.
* * * LOW HITPOINT WARNING * * *
You block the gnoll shaman's attack.
The killer bee stings you but does no damage.
You block the gnoll shaman's attack.
The killer bee stings you but does no damage.
You closely miss the killer bee.
The killer bee is heavily wounded.
You block the killer bee's attack. The killer bee closely misses you.
You block the gnoll shaman's attack.
You miss the killer bee.
The killer bee is heavily wounded.
The killer bee stings you but does no damage.
You block the killer bee's attack. You block the gnoll shaman's attack.
The killer bee stings you but does no damage.
You miss the killer bee.
The killer bee is heavily wounded.
You block the killer bee's attack. The killer bee stings you.
* * * LOW HITPOINT WARNING * * *
The gnoll shaman hits you with a +0 whip!
You die...

####
###≈≈≈####
#≈≈≈≈≈≈≈≈###
≈≈.........##
.......@y...#
......g)....#
#...b........#
####.........#
###.......#
##.......#
#.......#
+........


You could see a gnoll shaman and a killer bee.

Vanquished Creatures
  2 orc wizards (D:3)
  Terence (D:3)
  An iguana (D:3)
  5 adders
  2 gnolls
  A worm (D:3)
  2 dart slugs
  9 orcs (D:3)
  3 ball pythons
  3 bats
  6 endoplasms
  3 giant cockroaches
  5 goblins
  4 hobgoblins
  2 jackals (D:3)
  12 kobolds
  4 quokkas
  A frilled lizard (D:2)
  3 rats
69 creatures vanquished.

Notes
Turn   | Place    | Note
-------+----------+-------------------------------------------
     0 | D:1      | bilbop the Minotaur Fighter began the quest for the Orb.
     0 | D:1      | Reached XP level 1. HP: 19/19 MP: 0/0
   248 | D:1      | Reached XP level 2. HP: 27/27 MP: 1/1
   257 | D:1      | Reached skill level 4 in Fighting
  1183 | D:2      | Reached XP level 3. HP: 33/33 MP: 2/2
  1920 | D:3      | Reached XP level 4. HP: 37/41 MP: 3/3
  2100 | D:3      | Found an ornate altar of the Wu Jian Council.
  2369 | D:3      | Reached skill level 5 in Fighting
  2412 | D:3      | Reached XP level 5. HP: 34/48 MP: 4/4
  2641 | D:3      | Found a snail-covered altar of Cheibriados.
  2649 | D:3      | Noticed Terence
  2653 | D:3      | Killed Terence
  3066 | D:4      | Found a staircase to the Ecumenical Temple.
  3077 | Temple   | Entered the Ecumenical Temple
  3090 | Temple   | Slain by a gnoll shaman

Illustrated notes

Levels and vault maps discovered:
D:1:      psy_arrival_dodecagon, layout_basic, chequers_mini_garden,
          skrybe_limestone_x, hangedman_decor_peaks_small
D:2:      layout_basic
D:3:      layout_loops_corners, lemuel_doored_altar, lemuel_crystal_altar,
          chequers_serial_rivers_small_b, uniq_terence
D:4:      layout_loops_cross, regret_index_temple_of_mockery,
          minmay_temple_entry_butterflies, minmay_manual_monstrance
Temple:   minmay_temple_curvy_loop

Skill      XL: |  1  2  3  4 |
---------------+-------------+-----
Fighting       | 4 5 |  5.8
Armour         | 4 |  4.8
Shields        | 4 |  4.7
Maces & Flails | 3 |  3.9

Action                   |  1- 3 |  4- 6 || total
-------------------------+-------+-------++-------
Melee: Flail             |   103 |   103 ||   206
       Headbutt          |    12 |    18 ||    30
Armor: Fire dragon scale |    51 |    19 ||    70
       Chain mail        |       |    31 ||    31
Dodge: Dodged            |    31 |    15 ||    46
Block: Kite shield       |    71 |    98 ||   169
       Reflection        |       |     3 ||     3

Table legend: (Time is in decaauts)
 A = Elapsed time spent in this place.
 B = Non-inter-level travel time spent in this place.
 C = Inter-level travel time spent in this place.
 D = Time resting spent in this place.
 E = Time spent auto-exploring this place.
 F = Levels seen in this place.
 G = Mean time per level.
                   A        B        C        D        E       F      G
               +--------+--------+--------+--------+--------+-----+--------+
         Total |   3183 |   3011 |    172 |    394 |   2028 |   5 |  636.6 |
       Dungeon |   3166 |   2994 |    172 |    394 |   2028 |   4 |  791.5 |
        Temple |     17 |     17 |      0 |      0 |      0 |   1 |   17.0 |
               +--------+--------+--------+--------+--------+-----+--------+

Top non-repeatable levels by time:
     D:3: 1186 daAuts
     D:1: 1006 daAuts
     D:2: 949 daAuts
     D:4: 23 daAuts
  Temple: 17 daAuts
